Map: 카이로스 정션 - 래더

Players

HeRoMaRinE - Winner!

  • Race: Terran Terran
  • Spawn Location: 5:00

Keen

  • Race: Terran Terran
  • Spawn Location: 11:00

Event: IEM Season 13: Katowice (2019)

VOD

Have the link to the VOD?

Description

Time

  • Played on: Feb. 25, 2019, 6:08 a.m.
  • Length: 29:58

All games in this series

Show
View Real Time Build Order
Export as new Build Order

HeRoMaRinE Terran - Winner!

Build Orders:  

Get SALT Encoding   

  12  0:00  SCV  
  13  0:12  SCV  
  14  0:17  Supply Depot  
  14  0:24  SCV  
  14  0:27  Refinery  
  15  0:38  SCV  
  16  0:45  Barracks  
  16  0:50  SCV  
  16  0:57  Refinery  
  17  1:02  SCV  
  18  1:14  SCV  
  19  1:32  Reaper, Orbital Command  
  20  1:38  Factory  
  20  1:54  Supply Depot  
  20  1:57  SCV  
  21  2:04  Reaper  
  22  2:10  SCV  
  23  2:22  SCV  
  26  2:23  Hellion  
  26  2:34  SCV  
  26  2:35  Command Center  
  27  2:38  Reaper  
  30  2:44  Hellion  
  31  2:52  Starport  
  31  2:56  Supply Depot  
  30  2:59  SCV  
  31  3:11  SCV  
  31  3:12  Barracks Tech Lab  
  31  3:13  Factory Tech Lab  
  31  3:24  SCV  
  32  3:36  SCV  
  30  3:47  Raven  
  30  3:48  SCV  
  33  3:49  Orbital Command  
  33  3:54  Barracks Reactor  
  33  3:58  Cyclone  
  33  4:00  SCV  
  37  4:12  SCV  
  37  4:14  Refinery  
  37  4:15  SCV  
  38  4:24  SCV  
  38  4:27  SCV  
  38  4:29  Command Center  
  43  4:32  Raven  
  43  4:35  Refinery  
  43  4:36  SCV  
  43  4:39  SCV  
  43  4:43  Cyclone  
  47  4:47  Marine, Supply Depot  
  47  4:48  SCV  
  47  4:51  SCV, Marine  
  51  5:00  SCV  
  51  5:03  SCV  
  53  5:12  SCV  
  53  5:13  Supply Depot  
  54  5:15  SCV  
  54  5:16  Siege Tank  
  58  5:26  Viking  
  61  5:29  Viking  
  61  5:31  Stimpack  
  61  5:34  Marine  
  61  5:35  SCV x2  
  65  5:36  Supply Depot  
  65  5:46  Orbital Command  
  65  5:47  SCV x2  
  69  5:50  Siege Tank  
  69  5:52  Marine  
  70  5:57  Engineering Bay  
  70  5:58  Engineering Bay  
  70  5:59  Viking, SCV x2  
  70  6:03  Viking  
  74  6:11  SCV x2  
  74  6:14  SCV  
  78  6:23  SCV x2  
  78  6:25  Terran Infantry Armor Level 1, Terran Infantry Weapons Level 1  
  80  6:27  Siege Tank  
  80  6:29  Viking  
  80  6:31  SCV  
  85  6:35  SCV  
  85  6:38  Marine  
  87  6:42  SCV  
  87  6:43  Viking, SCV  
  88  6:50  SCV  
  77  6:54  SCV  
  77  6:55  SCV  
  65  7:02  SCV  
  65  7:06  SCV  
  65  7:07  SCV  
  63  7:13  Viking  
  63  7:15  SCV  
  65  7:18  Siege Tank, SCV  
  65  7:19  SCV  
  70  7:27  SCV  
  71  7:30  SCV  
  71  7:31  SCV, Marine  
  71  7:32  Combat Shield  
  71  7:35  Barracks  
  71  7:36  Barracks  
  74  7:47  Armory  
  74  7:48  Barracks  
  74  7:49  Barracks, Marine  
  75  7:52  Siege Tank  
  75  7:56  SCV x2  
  75  7:57  Starport Reactor, SCV  
  81  8:01  Supply Depot  
  81  8:02  Supply Depot  
  81  8:07  Marine  
  81  8:08  SCV x2  
  81  8:10  SCV  
  85  8:20  SCV x2  
  85  8:22  SCV  
  85  8:23  Missile Turret  
  85  8:25  Siege Tank, Barracks Reactor, Marine  
  92  8:30  Orbital Command, Supply Depot  
  92  8:32  SCV x2  
  92  8:34  Medivac x2, Marine x2  
  94  8:35  Barracks Reactor x2  
  94  8:39  Supply Depot  
  100  8:43  Marine  
  100  8:44  SCV x2  
  103  8:52  Marine x2  
  105  8:57  SCV x2  
  105  9:00  Refinery x2, Marine  
  108  9:02  Marine  
  108  9:03  Marine  
  108  9:04  Siege Tank  
  108  9:09  Marine x2  
  113  9:15  Sensor Tower  
  118  9:18  Marine, Supply Depot  
  118  9:20  Marine x2  
  118  9:21  Supply Depot  
  118  9:22  Supply Depot x2  
  118  9:23  Marine x4  
  121  9:27  Marine x2  
  121  9:30  Terran Vehicle Weapons Level 1  
  123  9:36  Marine  
  124  9:38  Marine  
  124  9:39  Marine  
  124  9:41  Marine x3  
  127  9:48  Marine x2  
  124  9:54  Marine x2  
  124  9:56  Marine  
  124  9:57  Marine  
  114  10:00  Marine x2  
  114  10:01  Engineering Bay  
  114  10:05  Marine  
  114  10:06  Marine x2  
  119  10:07  SCV x3  
  119  10:12  Marine  
  119  10:14  Marine  
  121  10:15  Marine  
  121  10:18  Marine x2  
  122  10:22  Siege Tank  
  122  10:23  Factory, Marine  
  122  10:24  Marine x2  
  122  10:26  Medivac  
  133  10:28  Barracks Reactor  
  133  10:30  Medivac, Supply Depot  
  133  10:32  Terran Infantry Weapons Level 2  
  133  10:34  Engineering Bay  
  132  10:36  Marine x2  
  132  10:37  Marine  
  132  10:38  Marine  
  136  10:50  Command Center  
  136  10:51  Marine  
  136  10:52  Marine x3  
  136  10:54  Siege Tank  
  141  10:58  Marine  
  141  11:00  Marine  
  145  11:05  Medivac x2  
  149  11:11  Supply Depot  
  149  11:12  Terran Infantry Armor Level 2  
  149  11:13  Siege Tank, Supply Depot  
  149  11:15  Supply Depot  
  149  11:18  Marine x2  
  151  11:27  Terran Vehicle Weapons Level 2  
  151  11:28  Marine x2  
  151  11:29  Marine x2  
  153  11:33  Marine x2  
  153  11:34  Marine x2  
  153  11:35  Siege Tank  
  160  11:41  Marine x2  
  160  11:45  Siege Tank  
  164  11:48  Starport  
  164  11:49  Starport  
  164  11:51  Fusion Core  
  163  12:00  Marine  
  164  12:12  Siege Tank, Viking x2  
  164  12:13  Marine x2  
  164  12:14  Marine x3  
  176  12:17  Siege Tank  
  177  12:23  Marine x2  
  177  12:24  Marine x2  
  177  12:25  Marine  
  177  12:28  Sensor Tower  
  168  12:31  Marine x3  
  168  12:35  Starport Tech Lab  
  168  12:36  Starport Reactor  
  171  12:39  SCV x3  
  174  12:44  Planetary Fortress, Siege Tank  
  174  12:49  Siege Tank  
  180  12:51  SCV x3  
  180  12:57  Advanced Ballistics  
  181  13:00  Refinery  
  181  13:01  Refinery  
  181  13:03  Terran Infantry Weapons Level 3  
  181  13:06  Marine x2  
  181  13:12  Marine x3  
  186  13:16  Liberator, Siege Tank  
  191  13:21  Siege Tank  
  191  13:22  Viking  
  195  13:29  Viking, Sensor Tower  
  195  13:30  Supply Depot  
  196  13:38  Command Center  
  196  13:45  Terran Infantry Armor Level 3  
  196  13:46  Viking x2  
  199  13:59  Viking  
  199  14:03  Missile Turret  
  199  14:11  Command Center  
  188  14:24  Raven, Viking x2  
  188  14:25  Viking  
  188  14:29  Viking  
  188  14:31  Marine x2  
  199  14:32  Marine x2  
  199  14:33  Marine x3  
  199  14:34  Marine x3  
  199  14:37  Liberator x2  
  199  14:38  Liberator  
  177  14:49  Armory, Marine x4  
  177  14:51  Marine  
  177  14:52  Terran Vehicle And Ship Armor Level 1  
  182  14:54  Marine x2  
  192  15:24  Planetary Fortress  
  192  15:27  Orbital Command  
  183  15:41  Viking x2  
  184  15:43  Marine  
  184  15:44  Marine x7  
  184  15:45  Siege Tank x2  
  184  15:46  Marine  
  184  15:47  Marine  
  200  15:57  Missile Turret  
  179  16:13  Marine x3  
  179  16:15  Marine x2  
  179  16:16  Marine x2  
  179  16:17  Marine  
  181  16:19  Marine  
  181  16:20  Marine  
  180  16:29  Viking x2  
  180  16:31  Marine x3  
  181  16:33  Marine x2  
  181  16:34  Viking x2, Marine x2  
  181  16:35  Viking, Marine  
  181  16:36  Siege Tank x2  
  181  16:37  Marine  
  181  16:38  Terran Vehicle Weapons Level 3, Marine  
  188  16:48  Marine  
  188  16:49  Marine x2  
  188  16:51  Marine x3  
  188  16:52  Marine x2  
  182  16:55  Marine x2  
  182  16:59  Viking  
  142  17:06  Marine x2  
  142  17:07  Marine  
  142  17:08  Siege Tank x2, Viking x3, Marine  
  146  17:09  Marine x3  
  146  17:10  Viking  
  146  17:12  Marine  
  146  17:13  Marine  
  155  17:16  Marine  
  156  17:24  Marine x2  
  156  17:25  Marine  
  156  17:26  Marine x2  
  156  17:27  Marine x2  
  156  17:29  Viking  
  165  17:30  Marine  
  168  17:38  Viking  
  168  17:40  Siege Tank x2  
  168  17:42  Marine x2  
  178  17:47  Viking  
  178  17:48  Liberator, Viking x2  
  178  17:49  Marine  
  178  17:51  Marine  
  184  17:52  Marine  
  184  17:53  Marine  
  184  17:57  Marine x3  
  184  17:58  Marine  
  190  18:00  Marine  
  190  18:02  Marine  
  192  18:11  Marine  
  199  18:14  Marine  
  200  18:25  Viking  
  195  18:39  Liberator  
  195  18:40  Marine x2  
  187  18:43  Marine  
  187  18:44  Marine  
  189  18:53  Viking x4  
  200  19:03  Missile Turret  
  200  19:04  Command Center  
  199  19:13  Liberator x2  
  190  19:25  Marine x2  
  190  19:27  Marine x2  
  190  19:29  Marine x3  
  190  19:30  Viking  
  190  19:31  Viking, Marine x2  
  179  19:32  Marine  
  179  19:33  Siege Tank x2  
  186  19:42  Marine  
  186  19:43  Marine  
  186  19:45  Marine x2  
  188  19:47  Marine x3  
  188  19:49  Medivac, Marine  
  194  19:52  Refinery  
  194  19:53  Refinery, Marine x2  
  194  19:54  Command Center  
  196  20:00  Medivac, Marine x2  
  196  20:05  Terran Vehicle And Ship Armor Level 2  
  196  20:06  Terran Ship Weapons Level 1  
  199  20:22  Missile Turret  
  193  20:32  Viking x2  
  193  20:35  Raven  
  198  20:39  Marine  
  198  20:40  Marine  
  197  21:06  Marine x2  
  197  21:08  Marine x2  
  197  21:09  Marine x2  
  197  21:10  Viking x4  
  197  21:11  Siege Tank x2, Marine  
  188  21:12  Marine x2  
  188  21:13  Marine  
  188  21:18  Viking  
  180  21:24  Marine x2  
  174  21:26  Marine x2  
  174  21:27  Marine x2  
  174  21:29  Marine  
  174  21:30  Marine x3  
  182  21:40  Viking x4  
  182  21:42  Marine x2  
  182  21:44  Marine x2  
  182  21:45  Marine x2  
  183  21:47  Marine x2  
  183  21:48  Viking, Marine x2  
  183  21:50  Siege Tank  
  181  22:00  Marine x2  
  180  22:02  Marine x2  
  180  22:03  Marine x2  
  180  22:05  Marine  
  176  22:09  Marine x3  
  176  22:10  Viking  
  176  22:12  Viking  
  176  22:13  Viking  
  183  22:17  Marine x2  
  183  22:19  Marine  
  183  22:20  Marine x2  
  183  22:21  Marine  
  165  22:23  Marine  
  165  22:25  Medivac x2  
  165  22:26  Marine  
  166  22:31  Marine  
  166  22:32  Marine  
  166  22:35  Marine  
  165  22:37  Marine x3  
  165  22:38  Marine x2  
  170  22:45  Siege Tank  
  170  22:48  Marine x2  
  170  22:49  Marine x2  
  174  22:58  Marine x2  
  173  23:00  Marine x2  
  173  23:01  Marine x2  
  171  23:17  Siege Tank  
  164  23:32  Viking  
  155  23:39  Viking  
  154  23:46  Orbital Command  
  157  23:51  Viking  
  157  23:52  Viking  
  158  24:05  Viking x2  
  165  24:18  Viking  
  165  24:21  Viking  
  169  24:33  Viking  
  169  24:37  Viking  
  170  24:39  Viking  
  170  24:40  Marine x2  
  170  24:42  Marine x2  
  170  24:43  Marine  
  170  24:45  Marine  
  175  24:51  Viking  
  177  24:56  Viking  
  179  25:01  Marine  
  179  25:02  Viking  
  182  25:12  Liberator, Viking  
  184  25:14  Marine  
  184  25:15  Marine x3  
  184  25:18  Marine x2  
  185  25:23  Viking  
  185  25:24  Marine x2  
  185  25:25  Marine  
  185  25:26  Marine  
  179  25:32  Marine x2  
  179  25:33  Marine  
  179  25:34  Marine  
  172  25:36  Marine x2  
  172  25:42  Marine x2  
  167  25:53  Viking x2, Marine  
  167  25:54  Marine  
  167  25:57  Marine x2  
  168  26:04  Marine x2  
  171  26:14  Marine x2  
  172  26:21  Marine  
  172  26:22  Siege Tank x2  
  173  26:39  Viking  
  166  26:40  Viking  
  166  26:41  Viking  
  166  26:48  Sensor Tower  
  166  26:50  SCV x2  
  166  26:51  SCV  
  166  26:53  SCV  
  165  27:01  Viking  
  167  27:12  Viking  
  167  27:13  Siege Tank  
  167  27:14  Viking  
  174  27:22  Marine x2  
  175  27:28  Liberator x2  
  175  27:42  Marine x2  
  177  27:51  Marine x2  
  183  27:55  Marine x3  
  188  28:03  Marine x2  
  188  28:05  Marine x2  
  191  28:06  Marine  
  191  28:09  Marine  
  179  28:14  Viking x2  
  179  28:15  Marine x3  
  179  28:16  Marine  
  178  28:21  Marine x2  
  178  28:23  Marine  
  178  28:24  Marine x2  
  178  28:27  Marine  
  172  28:32  Marine  
  172  28:33  Marine x2  
  176  28:34  Marine  
  176  28:39  Marine x2  
  176  28:41  Marine  
  180  28:43  Marine x2  
  180  28:44  Marine  
  183  28:52  Siege Tank  
  183  28:54  Marine x2  
  188  28:56  Marine  
  191  29:04  Marine  
  191  29:05  Marine  
  191  29:09  Orbital Command, Marine  
  188  29:10  Marine  
  188  29:11  Marine  
  178  29:19  Marine  
  170  29:24  Marine x2  
  170  29:25  Marine x2  
  170  29:27  Marine x2  
  170  29:29  Marine  
  163  29:35  Marine  
  163  29:36  Marine  
  166  29:39  Marine  
Show
View Real Time Build Order
Export as new Build Order

Keen Terran 

Build Orders:  

Get SALT Encoding   

  12  0:00  SCV  
  13  0:12  SCV  
  14  0:17  Supply Depot  
  14  0:24  SCV  
  14  0:28  Refinery  
  15  0:38  SCV  
  16  0:44  Barracks  
  16  0:51  SCV  
  16  0:55  Refinery  
  17  1:03  SCV  
  18  1:15  SCV  
  19  1:31  Orbital Command  
  19  1:33  Factory  
  19  1:35  Reaper  
  20  1:50  Supply Depot  
  20  1:57  SCV  
  21  2:07  Reaper  
  22  2:09  SCV  
  23  2:19  Hellion  
  23  2:21  SCV  
  26  2:27  Command Center  
  26  2:33  SCV  
  27  2:39  Barracks Reactor  
  27  2:40  Hellion  
  29  2:45  Starport  
  29  2:47  SCV  
  30  3:03  SCV  
  31  3:06  Factory Tech Lab  
  31  3:27  Supply Depot  
  31  3:34  Marine  
  31  3:35  Raven  
  31  3:37  Marine  
  31  3:38  SCV  
  31  3:40  Hellion  
  30  3:50  SCV  
  30  3:51  Marine  
  30  3:55  Marine  
  31  4:01  Factory Tech Lab  
  30  4:03  SCV, Cloaking Field  
  30  4:09  Orbital Command, Marine  
  32  4:13  Marine  
  32  4:15  SCV  
  34  4:23  Banshee  
  34  4:24  Siege Tank  
  38  4:27  SCV  
  38  4:28  Marine  
  38  4:30  Marine  
  41  4:35  SCV  
  42  4:40  SCV  
  42  4:42  Refinery, Supply Depot  
  43  4:45  Marine  
  43  4:47  SCV  
  43  4:48  Marine  
  46  4:53  SCV  
  46  4:56  Siege Tank  
  46  4:59  SCV, Supply Depot  
  51  5:03  Marine  
  51  5:05  SCV  
  51  5:06  Marine  
  54  5:09  Banshee  
  54  5:12  SCV  
  58  5:18  SCV  
  59  5:22  Supply Depot  
  59  5:24  SCV  
  59  5:28  Siege Tank  
  63  5:31  SCV  
  64  5:36  SCV  
  64  5:40  Marine x2  
  66  5:43  SCV  
  66  5:51  Command Center  
  66  5:53  SCV  
  66  5:55  SCV  
  68  5:57  Raven  
  68  6:00  Marine x2  
  72  6:06  SCV  
  72  6:07  SCV  
  72  6:08  Siege Tank  
  77  6:21  SCV  
  78  6:25  Barracks  
  78  6:28  Barracks  
  78  6:43  Command Center  
  78  6:52  SCV x2  
  78  6:54  Siege Tank  
  69  7:04  SCV x2  
  69  7:06  Marine x2  
  67  7:11  Starport Reactor  
  67  7:12  Orbital Command  
  67  7:13  Engineering Bay x2  
  67  7:16  SCV x2  
  67  7:18  Barracks Tech Lab  
  67  7:22  Refinery  
  66  7:26  Marine x2  
  66  7:27  Stimpack, Marine  
  66  7:29  SCV x2  
  71  7:32  Siege Tank  
  74  7:38  Combat Shield, Marine  
  75  7:44  Marine  
  75  7:45  Terran Infantry Armor Level 1, Terran Infantry Weapons Level 1  
  75  7:46  Orbital Command  
  75  7:49  Marine x2  
  78  7:53  Medivac  
  78  7:55  SCV x2  
  78  7:56  Marine  
  78  7:57  Medivac  
  85  8:02  Marine  
  85  8:03  Barracks  
  85  8:05  Barracks  
  86  8:08  Siege Tank  
  86  8:09  SCV  
  86  8:10  SCV  
  91  8:13  SCV  
  91  8:17  Marine  
  91  8:18  Refinery  
  91  8:19  Refinery  
  93  8:22  SCV x2  
  93  8:25  SCV  
  96  8:29  Supply Depot x2  
  96  8:30  Marine x3  
  96  8:33  Medivac  
  96  8:34  SCV  
  102  8:35  Marine  
  103  8:41  Medivac  
  103  8:42  SCV  
  103  8:43  SCV  
  103  8:46  Planetary Fortress  
  103  8:48  Marine  
  107  8:50  Marine x2  
  107  8:52  Barracks Reactor x2, Marine  
  107  8:55  Supply Depot  
  111  8:57  Supply Depot  
  111  9:03  Armory  
  111  9:05  SCV x2  
  111  9:09  SCV  
  113  9:10  Marine x2  
  113  9:12  Marine x2  
  117  9:17  Siege Tank, SCV  
  121  9:27  Marine  
  121  9:28  Marine x2  
  121  9:33  Marine  
  121  9:34  Marine x4  
  121  9:36  Factory  
  123  9:39  SCV x3  
  123  9:43  Supply Depot  
  123  9:45  Marine, Supply Depot  
  126  9:46  Marine x2  
  126  9:51  Marine x4  
  130  9:59  Marine  
  125  10:01  Terran Infantry Weapons Level 2, Terran Infantry Armor Level 2  
  125  10:03  Marine x2  
  125  10:05  Barracks  
  125  10:06  Barracks  
  124  10:08  Marine  
  124  10:09  Marine  
  124  10:10  Viking  
  124  10:11  Viking  
  124  10:12  Siege Tank  
  119  10:14  Marine x2  
  119  10:15  Marine  
  119  10:17  Marine  
  120  10:21  Factory Tech Lab  
  120  10:22  Marine x2  
  122  10:30  SCV x2  
  122  10:31  SCV, Marine x2  
  122  10:32  Marine x2  
  122  10:33  Marine  
  122  10:34  Marine  
  122  10:35  Supply Depot  
  131  10:40  Viking, Marine  
  131  10:42  Viking  
  136  10:43  SCV  
  136  10:44  SCV x2  
  136  10:45  SCV  
  139  10:51  Barracks Reactor  
  139  10:52  Barracks Reactor  
  139  10:56  Refinery  
  139  10:57  Refinery  
  139  10:58  Marine x2  
  139  11:00  Siege Tank  
  144  11:06  Supply Depot x2  
  144  11:10  Terran Vehicle Weapons Level 1, Starport  
  144  11:15  Starport  
  144  11:20  Siege Tank  
  144  11:21  Viking  
  144  11:22  Viking  
  151  11:35  Siege Tank  
  153  11:47  Sensor Tower  
  153  11:48  Starport Tech Lab  
  153  11:50  Command Center, Marine  
  153  11:51  Marine x7  
  161  11:58  Siege Tank  
  161  12:00  Starport Tech Lab  
  161  12:01  Viking, Sensor Tower  
  166  12:03  Viking  
  168  12:09  Siege Tank  
  168  12:11  Marine x2  
  172  12:17  Corvid Reactor, Raven  
  172  12:19  Raven  
  176  12:29  Marine x11  
  179  12:33  Supply Depot  
  179  12:36  Supply Depot  
  179  12:45  Terran Infantry Weapons Level 3  
  179  12:50  Terran Infantry Armor Level 3  
  179  12:55  Siege Tank x2  
  185  13:02  Planetary Fortress  
  185  13:04  Raven x2  
  189  13:13  Viking x2  
  193  13:30  Command Center  
  191  13:37  Command Center  
  191  13:39  Terran Vehicle Weapons Level 2  
  191  13:45  Viking  
  191  13:46  Viking  
  191  13:48  Missile Turret x2  
  195  13:50  Fusion Core  
  195  13:52  Sensor Tower  
  194  14:02  Siege Tank x2  
  197  14:32  Command Center  
  197  14:34  Command Center, Siege Tank x2  
  197  14:37  Marine x9  
  166  14:42  Raven x2  
  166  14:43  Marine  
  168  14:47  Refinery  
  168  14:48  Marine x2  
  168  14:51  Orbital Command  
  170  14:59  Viking x2  
  174  15:06  Siege Tank, Refinery  
  177  15:09  Armory  
  177  15:12  Siege Tank  
  178  15:20  Marine x5  
  180  15:25  Raven x2  
  182  15:29  Viking  
  182  15:40  Viking  
  182  15:42  Marine x2  
  186  15:46  Planetary Fortress  
  185  15:50  Marine  
  185  15:51  Marine x5  
  185  15:56  Siege Tank x2  
  188  16:14  Viking x2  
  188  16:16  Viking x2  
  184  16:30  Siege Tank  
  184  16:31  Siege Tank  
  175  16:33  Marine x2  
  175  16:37  Marine x2  
  173  16:43  Command Center  
  173  16:44  Viking x2  
  177  16:53  Marine  
  167  16:57  Marine  
  167  16:58  Marine  
  167  17:00  Marine x2  
  149  17:05  Marine x2  
  149  17:07  Orbital Command  
  149  17:17  Raven x2  
  153  17:24  Viking x2  
  153  17:27  Starport x2, Terran Ship Weapons Level 1  
  153  17:28  Terran Vehicle And Ship Armor Level 1, Neosteel Armor  
  157  17:31  Planetary Fortress  
  157  17:35  Siege Tank x2  
  163  18:00  Marine  
  163  18:01  Marine x6  
  163  18:02  Raven  
  163  18:04  Starport Tech Lab  
  169  18:07  Siege Tank  
  169  18:08  Siege Tank  
  169  18:09  Refinery  
  169  18:10  Starport Reactor  
  169  18:12  Refinery  
  175  18:13  Marine x5  
  175  18:18  Marine x4  
  184  18:32  Liberator  
  178  18:40  Siege Tank x2  
  175  18:42  Marine x8  
  175  18:47  Raven x2  
  190  18:56  Viking  
  191  19:12  Viking x2  
  176  19:28  Raven, Siege Tank x2  
  176  19:30  Raven  
  174  19:32  Viking  
  174  19:33  Viking  
  178  19:40  Terran Ship Weapons Level 2  
  178  19:46  Marine  
  178  19:47  Marine x5  
  181  20:02  Command Center  
  181  20:11  Viking x2  
  185  20:17  Viking  
  187  20:22  Viking  
  188  20:28  Raven x2  
  188  20:32  Advanced Ballistics  
  189  20:45  SCV x5  
  194  20:52  Liberator x2  
  194  20:55  Liberator x2  
  194  20:57  SCV x2  
  185  21:14  Siege Tank x2  
  185  21:15  Marine  
  185  21:16  Marine  
  185  21:17  Marine  
  174  21:29  Viking x2  
  174  21:30  Viking  
  145  21:50  Siege Tank  
  145  21:52  Viking x2  
  147  21:55  Viking x2  
  146  22:01  Siege Tank  
  140  22:15  Marine  
  140  22:16  Marine  
  140  22:18  Marine x5  
  140  22:19  Marine  
  140  22:22  Siege Tank, Marine x4  
  129  22:33  Liberator x2, Marine x2  
  129  22:34  Siege Tank  
  129  22:36  Viking x2, Marine x6  
  142  22:38  Planetary Fortress  
  139  22:48  Sensor Tower  
  140  22:52  Marine x6  
  140  22:54  Siege Tank  
  140  22:57  Marine x2  
  144  23:00  Viking x2  
  148  23:05  Viking  
  145  23:15  Orbital Command  
  145  23:18  Viking x2  
  142  23:44  Siege Tank x2  
  148  23:49  Raven x2  
  152  24:05  Orbital Command  
  144  24:11  Marine x2  
  144  24:14  Medivac x3  
  151  24:19  Marine  
  151  24:20  Marine x8  
  160  24:25  Medivac x2  
  164  24:46  SCV  
  164  24:47  SCV x4  
  167  24:58  SCV  
  167  24:59  SCV x3  
  171  25:12  Viking x2  
  175  25:15  Viking x2  
  175  25:17  Viking x2  
  177  25:23  Marine x2  
  177  25:28  Viking  
  171  25:32  Marine x2  
  161  25:37  Refinery  
  161  25:38  Refinery  
  161  25:42  Viking  
  152  25:50  Viking  
  153  26:04  Orbital Command, Marine x2  
  152  26:14  Viking  
  154  26:22  Viking  
  154  26:24  Marine x12  
  150  26:42  Marine x9  
  150  26:44  Siege Tank  
  162  26:48  Viking x2  
  162  26:54  Marine x3  
  166  27:00  Marine x3  
  169  27:01  SCV  
  169  27:05  SCV x2  
  169  27:06  SCV x2  
  174  27:13  SCV  
  174  27:14  Viking  
  151  27:40  Viking x2  
  151  27:41  Viking  
  150  27:45  SCV x4  
  154  27:53  Viking  
  154  27:57  SCV x2  
  158  27:59  Viking  
  158  28:00  Liberator x2  
  127  28:27  Marine x6  
  129  28:51  Siege Tank x2  
  129  28:52  Marine  
  129  28:53  Marine x4  
  134  29:09  Orbital Command  
  134  29:10  Marine x3  
  134  29:16  Marine x2  
  124  29:23  Marine  
  124  29:24  Marine  
  111  29:27  Marine x2  
  87  29:32  Marine  

Tags
 
Add a new tag
Caveats
  • Supply blocks, unpowered buildings, or Contaminate may cause inaccurate times.
  • Supply counts are checked every 10 seconds.